[ AOE2 MATCH · #505542389 ]
UnrankedBengalis vs Spanish
Player's team · WIN
Rival team · LOSS
[ REPLAY ANALYSIS · EXTRACTED FROM THE RECORDED GAME ]
Feudal
8:33
Castle
—
Imperial
—
| APM avg | 65.4 |
| APM peak | 103 |
| eAPM avg | 19.0 |
| Villagers / military | 23 / 10 |
Focus
⚔️ 42.7% · 🌾 57.3%
Scout Cavalry ×7 · Militia ×3
Feudal
10:33
Castle
—
Imperial
—
| APM avg | 89.1 |
| APM peak | 129 |
| eAPM avg | 36.9 |
| Villagers / military | 20 / 0 |
Focus
⚔️ 23.3% · 🌾 76.7%
Match map
Initial resources + every placement click. Lines = walls · curves = elevation contours. ◆ gold · ⬟ stone · ● berries · ✦ relic · ◌ wall gap
Your base· Open — unwalled flank
MzTm | Monito Monito's base· Open — unwalled flank
Smoothed initial terrain · ◌ = detected wall gap · hover for details
Inputs per minute
— Ivannovich - - MzTm | Monito Monito
Build order — Ivannovich
61 actions detected in the replay
| 0:00 | Queue | Villager (Male) |
| 0:00 | Queue | Villager (Male) |
| 0:02 | Build | House |
| 0:02 | Build | House |
| 0:04 | Queue | Villager (Male) |
| 0:06 | Queue | Villager (Male) |
| 1:24 | Queue | Villager (Male) |
| 1:53 | Queue | Villager (Male) |
| 2:32 | Queue | Villager (Male) |
| 2:40 | Queue | Villager (Male) |
| 2:58 | Queue | Villager (Male) |
| 3:00 | Build | Lumber Camp |
| 3:37 | Build | House |
| 3:47 | Queue | Villager (Male) |
| 3:47 | Queue | Villager (Male) |
| 3:47 | Queue | Villager (Male) |
| 4:02 | Queue | Villager (Male) |
| 4:37 | Queue | Villager (Male) |
| 5:03 | Queue | Villager (Male) |
| 5:22 | Build | Mill |
| 5:47 | Research | Loom |
| 5:47 | Research | Loom |
| 6:23 | Research | Feudal Age |
| 6:56 | Build | House |
| 7:28 | Build | Barracks |
| 7:32 | Queue | Villager (Male) |
| 8:33 | Age | Feudal Age |
| 8:41 | Build | Stable |
| 9:03 | Queue | Villager (Male) |
| 9:12 | Build | House |
| 9:15 | Queue | Scout Cavalry |
| 9:24 | Queue | Scout Cavalry |
| 9:53 | Queue | Militia ×2 |
| 9:56 | Queue | Villager (Male) |
| 10:00 | Queue | Scout Cavalry |
| 10:23 | Build | Watch Tower |
| 10:38 | Build | Watch Tower |
| 10:42 | Queue | Scout Cavalry |
| 10:48 | Build | Farm |
| 10:48 | Build | Farm |
| 10:49 | Build | Farm |
| 10:50 | Build | House |
| 10:53 | Queue | Militia |
| 11:08 | Build | Palisade Wall |
| 11:08 | Build | Palisade Wall |
| 11:09 | Build | Palisade Wall |
| 11:09 | Build | Palisade Wall |
| 11:11 | Queue | Villager (Male) |
| 11:13 | Build | Farm |
| 11:13 | Build | Farm |
| 11:14 | Build | Farm |
| 11:36 | Queue | Villager (Male) |
| 12:13 | Build | Mining Camp |
| 12:16 | Queue | Villager (Male) |
| 12:19 | Build | Mill |
| 12:22 | Queue | Scout Cavalry |
| 12:50 | Queue | Villager (Male) |
| 13:16 | Queue | Scout Cavalry |
| 13:37 | Queue | Villager (Male) |
| 13:51 | Build | Watch Tower |
| 14:02 | Queue | Scout Cavalry |
Build order — MzTm | Monito Monito
43 actions detected in the replay
| 0:01 | Queue | Villager (Male) |
| 0:01 | Queue | Villager (Male) |
| 0:02 | Queue | Villager (Male) |
| 0:02 | Queue | Villager (Male) |
| 0:02 | Build | House |
| 0:04 | Build | House |
| 0:05 | Build | House |
| 1:22 | Queue | Villager (Male) |
| 2:08 | Queue | Villager (Male) |
| 2:08 | Queue | Villager (Male) |
| 2:10 | Build | Lumber Camp |
| 2:28 | Queue | Villager (Male) |
| 2:39 | Build | Lumber Camp |
| 2:54 | Queue | Villager (Male) |
| 3:17 | Queue | Villager (Male) |
| 3:37 | Queue | Villager (Male) |
| 3:56 | Queue | Villager (Male) |
| 4:24 | Queue | Villager (Male) |
| 4:35 | Queue | Villager (Male) |
| 5:16 | Build | Mill |
| 5:22 | Queue | Villager (Male) |
| 5:43 | Queue | Villager (Male) |
| 5:57 | Build | House |
| 6:12 | Queue | Villager (Male) |
| 6:30 | Build | Mining Camp |
| 6:37 | Queue | Villager (Male) |
| 6:53 | Queue | Villager (Male) |
| 7:26 | Queue | Villager (Male) |
| 7:40 | Research | Loom |
| 8:20 | Research | Feudal Age |
| 8:32 | Build | Mill |
| 8:39 | Build | Palisade Wall |
| 8:42 | Build | Palisade Wall |
| 8:43 | Build | Palisade Wall |
| 10:33 | Age | Feudal Age |
| 10:35 | Build | Palisade Wall |
| 10:39 | Build | Market |
| 11:00 | Build | Blacksmith |
| 11:42 | Research | Castle Age |
| 11:43 | Research | Castle Age |
| 12:50 | Build | Mining Camp |
| 13:46 | Build | Palisade Wall |
| 13:49 | Build | Palisade Wall |
Match timeline
| 7:28 | Ivannovich · first_building Barracks |
| 8:33 | Ivannovich · age_up feudal |
| 8:39 | MzTm | Monito Monito · wall_segment Palisade Wall x1 |
| 8:41 | Ivannovich · first_building Stable |
| 8:42 | MzTm | Monito Monito · wall_segment Palisade Wall x1 |
| 8:43 | MzTm | Monito Monito · wall_segment Palisade Wall x1 |
| 10:33 | MzTm | Monito Monito · age_up feudal |
| 10:35 | MzTm | Monito Monito · wall_segment Palisade Wall x1 |
| 11:08 | Ivannovich · wall_segment Palisade Wall x1 |
| 11:08 | Ivannovich · wall_segment Palisade Wall x2 |
| 11:09 | Ivannovich · wall_segment Palisade Wall x1 |
| 11:09 | Ivannovich · wall_segment Palisade Wall x2 |
| 11:28 | MzTm | Monito Monito · first_market_sell 100 food |
| 11:32 | MzTm | Monito Monito · first_market_buy 100 food |
| 13:46 | MzTm | Monito Monito · wall_segment Palisade Wall x1 |
| 13:49 | MzTm | Monito Monito · wall_segment Palisade Wall x1 |
| 14:12 | MzTm | Monito Monito · resign |
[ AI ANALYSIS · 1 CREDIT ]
What really happened in this match?
Wolo.gg analyzes every decision: build order, eco, micro, common mistakes by bracket. Personalized analysis on WhatsApp or Discord in 30 seconds.
Civ guide
Bengalis
Perfil
Jugador #10002548